 Dungeon Crawl Stone Soup version 0.27.0-1-g7a089689b8 (webtiles) character file.

Game seed: 1439374851148336419

458 nicksoapdish the Covert (level 7, -2/40 HPs)
             Began as a Kobold Brigand on Aug 2, 2021.
             Slain by a scorpion zombie (4 damage)
             ... on level 5 of the Dungeon.
             The game lasted 00:15:42 (4986 turns).

nicksoapdish the Covert (Kobold Brigand)            Turns: 4986, Time: 00:15:43

Health: -2/40      AC:  3    Str: 10    XL:     7   Next: 27%
Magic:  7/7        EV: 15    Int: 13    God:
Gold:   163        SH:  0    Dex: 16    Spells: 6/6 levels left

rFire    . . .     SeeInvis .   a - +2 short sword (venom)
rCold    . . .     Faith    .   (shield restricted)
rNeg     . . .     Spirit   .   b - +0 robe
rPois    .         Reflect  .   (no helmet)
rElec    .         Harm     .   c - +0 cloak
rCorr    .         Rampage  .   (no gloves)
Will     .....                  (no boots)
Stlth    +++++.....             p - amulet of the acrobat
HPRegen  0.13/turn              m - ring of wizardry
MPRegen  0.10/turn              (no ring)

@: no status effects
A: small, no large weapons, nightstalker 3, clumsy 1, strong 1
a: no special abilities


You were on level 5 of the Dungeon.
You visited 1 branch of the dungeon, and saw 5 of its levels.

You collected 163 gold pieces.

Inventory:

Hand Weapons
 a - a +2 short sword of venom (weapon)
 o - a +2 dagger
Missiles
 d - 30 poisoned darts (quivered)
 e - 2 curare-tipped darts
Armour
 b - a +0 robe (worn)
 c - a +0 cloak (worn)
Jewellery
 m - a ring of wizardry (left hand)
 p - an amulet of the acrobat (around neck)
Wands
 k - a wand of flame (14)
Scrolls
 h - a scroll of teleportation {unknown}
 i - a scroll of enchant armour
 j - a scroll of magic mapping {unknown}
 l - a scroll of enchant weapon {unknown}
 n - a scroll of identify
Potions
 f - a potion of curing
 g - a potion of brilliance


   Skills:
 - Level 2.6 Fighting
 - Level 4.1 Short Blades
 + Level 3.0 Throwing
 * Level 3.1 Dodging
 * Level 9.6 Stealth


You had 6 spell levels left.
You didn't know any spells.
Your spell library contained the following spells:

 Spells                   Type           Power      Damage    Failure   Level
 Frozen Ramparts          Ice            0%         1d2       34%         3
 Ice Form                 Ice/Tmut       0%         N/A       73%         4
 Summon Ice Beast         Ice/Summ       0%         N/A       73%         4


Dungeon Overview and Level Annotations

Branches:
Dungeon (5/15)
 Temple: D:4-7

Altars:
Elyvilon
Kikubaaqudgha
Sif Muna
Trog

Shops:
D:3 (?*?=

Annotations:
D:3 2 transporters, DocClef's ghost, amateur GnDe


Innate Abilities, Weirdness & Mutations

You are small and have problems with some larger weapons.
You are completely attuned to the shadows.
You are clumsy. (Dex -2)
Your muscles are strong. (Str +2)


Message History

You hit the scorpion zombie.
The scorpion zombie is lightly damaged.
The scorpion zombie completely misses you.
It was a potion of curing.
You feel better. The scorpion zombie hits you.
You hit the scorpion zombie but do no damage.
The scorpion zombie is lightly damaged.
The scorpion zombie misses you.
You hit the scorpion zombie.
The scorpion zombie is moderately damaged.
The scorpion zombie completely misses you.
You hit the scorpion zombie.
The scorpion zombie is moderately damaged.
The scorpion zombie barely misses you.
You hit the scorpion zombie but do no damage.
The scorpion zombie is moderately damaged.
The scorpion zombie hits you.
* * * LOW HITPOINT WARNING * * *
You hit the scorpion zombie.
The scorpion zombie is moderately damaged.
The scorpion zombie misses you.
You hit the scorpion zombie.
The scorpion zombie is heavily damaged.
You hit the scorpion zombie.
The scorpion zombie is heavily damaged.
The scorpion zombie misses you.
You hit the scorpion zombie.
The scorpion zombie is heavily damaged.
The scorpion zombie hits you.
* * * LOW HITPOINT WARNING * * *
You hit the scorpion zombie.
The scorpion zombie is severely damaged.
The scorpion zombie hits you.
* * * LOW HITPOINT WARNING * * *
You hit the scorpion zombie but do no damage.
The scorpion zombie is severely damaged.
The scorpion zombie completely misses you.
You hit the scorpion zombie but do no damage.
The scorpion zombie is severely damaged.
The scorpion zombie hits you.
You die...

#####
#..(.# #.#
#...#
#.#### #.#
#..####.#
#.#
#.......#
#.#
#########
#.# #.)...#
#.#
#.###.###.#
#.# ...)).#
#.#######.#
....###
#...Z@....#
....
###########
.... ....


You could see a scorpion zombie.

Vanquished Creatures
  A scorpion (D:4)
  A water moccasin skeleton (D:4)
  2 jellies
  2 orc priests (D:5)
  An iguana (D:4)
  3 gnolls
  A river rat (D:3)
  3 adders
  A white imp (D:5)
  An ufetubus (D:4)
  An adder skeleton (D:4)
  4 worms
  2 dart slugs
  7 orcs
  8 ball pythons
  9 bats
  5 endoplasms
  4 giant cockroaches
  10 goblins
  13 hobgoblins
  4 jackals
  13 kobolds
  4 quokkas
  A frilled lizard (D:1)
  7 rats
108 creatures vanquished.

Vanquished Creatures (others)
  2 plants (D:4)
2 creatures vanquished.

Grand Total: 110 creatures vanquished

Notes
Turn   | Place    | Note
-------+----------+-------------------------------------------
     0 | D:1      | nicksoapdish the Kobold Brigand began the quest for the
                  | Orb.
     0 | D:1      | Reached XP level 1. HP: 12/12 MP: 1/1
    41 | D:1      | Found a white marble altar of Elyvilon.
    59 | D:1      | Reached XP level 2. HP: 15/17 MP: 2/2
   266 | D:1      | Reached skill level 6 in Stealth
   448 | D:1      | Reached XP level 3. HP: 15/21 MP: 3/3
  1465 | D:1      | Reached XP level 4. HP: 27/27 MP: 4/4
  1662 | D:2      | Reached skill level 7 in Stealth
  1735 | D:2      | Gained mutation: You are clumsy. (Dex -2) [potion of
                  | mutation]
  1735 | D:2      | Gained mutation: Your muscles are strong. (Str +2) [potion
                  | of mutation]
  2259 | D:2      | Reached XP level 5. HP: 31/31 MP: 5/5
  2560 | D:3      | Found Yfugu's Antique Weapon Boutique.
  2585 | D:3      | Found a faded altar of an unknown god.
  2607 | D:3      | Found a bloodstained altar of Trog.
  2711 | D:3      | Found a transporter.
  2714 | D:3      | Noticed DocClef's ghost (amateur GnDe)
  2836 | D:3      | Found a transporter.
  2836 | D:3      | Identified the +9 great mace "Teoc" {elec, Contam rF+ rCorr
                  | Str+2}
  2836 | D:3      | Noticed an ogre
  2894 | D:3      | Found Qorisuh's Magic Scroll Shop.
  2981 | D:3      | Found an ancient bone altar of Kikubaaqudgha.
  3071 | D:3      | Found Jafiromu's Magic Scroll Boutique.
  3131 | D:3      | Found Zaschofolo's Assorted Antiques.
  3159 | D:3      | Found Kymp's Jewellery Boutique.
  3644 | D:4      | Reached skill level 8 in Stealth
  3644 | D:4      | Reached XP level 6. HP: 29/36 MP: 6/6
  4479 | D:4      | Found a shimmering blue altar of Sif Muna.
  4519 | D:4      | Reached skill level 9 in Stealth
  4787 | D:5      | Entered Level 5 of the Dungeon
  4802 | D:5      | Reached XP level 7. HP: 40/40 MP: 7/7
  4979 | D:5      | HP: 1/40 [scorpion zombie (5)]
  4986 | D:5      | Slain by a scorpion zombie

Illustrated notes

Levels and vault maps discovered:
D:1:      lemuel_arrival_hallway, layout_loops_ring, minmay_hexomino_r4
D:2:      layout_rooms, minmay_goblin_outpost
D:3:      layout_basic, mainiacjoe_overflow_tiny_flanked, old_standard_altar,
          gammafunk_ghost_smash, gup_sewer_entry_spiral, serial_shops,
          nicolae_shop_competitors_out_of_business, nicolae_shop_waterfront,
          nicolae_shop_temple_entry_statues_fountains, nicolae_shop_trees, shop,
          hellmonk_ecumenical_altar_run_dry
D:4:      layout_loops_ring, lemuel_round_altar, serial_bayou_pond_e
D:5:      layout_basic, kennysheep_mini, minmay_temple_entry_from_below_a,
          st_stairs_3

Skill      XL: |  1  2  3  4  5  6  7 |
---------------+----------------------+-----
Stealth        | 6 7 8 9 |  9.6
Short Blades   | 3 4 |  4.1
Dodging        | 2 3 |  3.1
Throwing       | 3 |  3.0
Fighting       | |  2.6

Action                   |  1- 3 |  4- 6 |  7- 9 || total
-------------------------+-------+-------+-------++-------
Melee: Dagger            |    82 |   201 |       ||   283
       Short sword       |       |    10 |    29 ||    39
Throw: Dart              |    11 |    32 |       ||    43
  Use: Scroll            |     3 |     1 |       ||     4
       Potion            |       |     2 |     1 ||     3
 Stab: Sleeping          |    15 |    31 |     1 ||    47
Armor: Robe              |    18 |    20 |     1 ||    39
Dodge: Dodged            |    41 |   138 |    11 ||   190
